Map: Orbital Shipyard

Players

BurningStarV - Winner!

  • Race: Terran Terran
  • League: Diamond

PerseVerAnce

  • Race: Terran Terran
  • League: Diamond

VOD

Have the link to the VOD?

Description

How do I hold this attack (and similar variant) where they siege up your base with a bunch of tanks and air superiority for high ground vision? Here is a game where someone transitioned into this push from mass reapers.

Time

  • Played on: March 6, 2016, 3 p.m.
  • Length: 9:52
Show
View Real Time Build Order
Export as new Build Order

BurningStarV Terran - Winner!

Build Orders: Liberator Opening 

Get SALT Encoding   

  12  0:00  SCV  
  13  0:13  SCV  
  14  0:18  Supply Depot  
  14  0:25  SCV  
  15  0:40  SCV, Barracks  
  16  0:46  Refinery  
  16  0:52  SCV  
  17  1:04  SCV  
  17  1:09  Refinery  
  17  1:10  Barracks  
  18  1:18  SCV  
  19  1:34  Reaper  
  20  1:40  Supply Depot  
  20  1:42  Orbital Command  
  20  1:58  Reaper  
  21  2:09  Factory  
  21  2:12  Reaper  
  22  2:19  SCV  
  23  2:30  Reaper  
  23  2:35  SCV  
  26  2:44  Reaper  
  26  2:53  Hellion  
  26  2:55  Starport  
  28  3:01  SCV  
  28  3:05  Reaper, Supply Depot  
  30  3:14  Liberator  
  30  3:27  Hellion  
  35  3:35  SCV  
  36  3:44  Command Center  
  36  3:45  Supply Depot  
  36  3:46  Reaper  
  37  3:53  Reaper  
  38  4:06  Factory Tech Lab  
  38  4:09  SCV  
  39  4:17  Medivac  
  39  4:21  SCV  
  42  4:45  SCV  
  42  4:47  Siege Tank  
  46  4:55  Viking  
  46  4:58  SCV  
  48  5:21  Marine, Siege Tank  
  48  5:22  Marine  
  53  5:34  Liberator  
  52  5:47  Marine x2  
  52  5:49  Orbital Command  
  53  5:50  SCV  
  57  6:02  SCV  
  49  6:21  SCV x2  
  49  6:22  Siege Tank  
  49  6:23  Marine x2  
  54  6:34  Starport Reactor  
  54  6:35  SCV x2  
  56  6:41  Barracks x2  
  56  6:43  Command Center  
  56  6:44  Barracks  
  56  6:47  SCV x2  
  56  6:48  Marine x2  
  60  6:59  SCV  
  60  7:00  SCV  
  61  7:40  Marine  
  62  7:48  Viking x2, Marine x2, Siege Tank, Supply Depot x2  
  71  7:51  Command Center  
  71  7:52  Barracks Tech Lab  
  71  7:53  Barracks Tech Lab  
  71  7:57  Refinery  
  71  7:58  Refinery  
  71  7:59  Engineering Bay  
  71  8:08  SCV x2  
  71  8:10  Barracks Reactor x3  
  73  8:18  Viking x2  
  77  8:20  SCV x2  
  77  8:32  Marine x2  
  79  8:44  SCV x2  
  78  9:05  Marine x3  
  78  9:06  Marine x3  
  82  9:14  Viking x2  
  82  9:15  SCV x2  
  88  9:25  Supply Depot  
  88  9:26  Supply Depot  
  91  9:34  SCV  
  91  9:35  SCV  
Show
View Real Time Build Order
Export as new Build Order

PerseVerAnce Terran 

Build Orders:  

Get SALT Encoding   

  12  0:00  SCV  
  13  0:12  SCV  
  14  0:19  Supply Depot  
  14  0:25  SCV  
  15  0:40  SCV  
  16  0:44  Barracks  
  16  0:47  Refinery  
  16  0:52  SCV  
  17  1:05  SCV  
  18  1:17  SCV  
  19  1:29  SCV  
  19  1:32  Reaper  
  21  1:44  Command Center  
  21  1:56  Barracks  
  21  2:06  Reaper  
  22  2:14  Bunker  
  21  2:16  SCV  
  21  2:18  Supply Depot  
  22  2:28  SCV  
  23  2:32  Bunker  
  23  2:40  Reaper  
  23  2:41  SCV  
  24  2:54  Reaper  
  24  2:57  Orbital Command  
  25  3:03  Supply Depot  
  25  3:06  SCV  
  27  3:12  Reaper  
  27  3:19  SCV  
  28  3:22  Refinery  
  28  3:27  Supply Depot  
  28  3:31  SCV  
  30  3:34  SCV  
  31  3:46  SCV, Factory  
  32  3:52  Marine  
  32  3:55  Marine  
  33  4:00  Supply Depot  
  33  4:03  SCV  
  33  4:04  Orbital Command  
  34  4:11  Marine  
  34  4:14  Marine  
  34  4:15  SCV  
  37  4:27  SCV  
  38  4:34  Marine  
  38  4:36  Barracks Tech Lab  
  38  4:37  Factory Tech Lab  
  39  4:40  SCV x2  
  39  4:44  Starport  
  41  4:47  Supply Depot  
  41  4:52  SCV x2  
  41  5:10  SCV x2  
  42  5:19  Marine x2  
  42  5:20  Engineering Bay  
  42  5:21  Viking  
  45  5:31  Engineering Bay  
  41  5:36  Marine x2  
  37  5:51  Siege Tank  
  37  5:54  Marine x2  
  42  6:01  Orbital Command  
  42  6:05  SCV  
  36  6:12  Marine x2  
  36  6:17  SCV  
  31  6:30  Marine  
  32  6:35  SCV x2, Marine  
  35  6:47  SCV  
  36  6:48  Marine  
  36  6:53  Medivac  
  39  6:55  Terran Infantry Weapons Level 1  
  39  6:56  Barracks  
  39  7:02  Marauder  
  39  7:04  SCV x2  
  43  7:09  Marine  
  43  7:10  Refinery  
  44  7:16  SCV  
  44  7:19  Barracks  
  44  7:22  Barracks, Marine  
  44  7:40  Marine x2  
  44  7:41  Viking  
  48  7:44  Marine  
  48  7:45  Siege Tank  
  52  8:02  SCV x2  
  54  8:09  Marine x4, Marauder  
  60  8:16  SCV x2  
  62  8:28  Marine x4, SCV  
  62  8:31  Medivac  
  62  8:33  Marine  
  70  8:52  SCV  
  70  8:53  Marine, SCV  
  70  8:54  Marine x2  
  70  9:05  Viking, Marine x2  
  66  9:18  Marine x2  
  66  9:23  SCV x2  
  70  9:32  Marine x2  
Tags
 
Add a new tag
Caveats
  • Supply blocks, unpowered buildings, or Contaminate may cause inaccurate times.
  • Supply counts are checked every 10 seconds.